[Event "1st Chessable Sunway Formentera 2022"]
[Site "Formentera Punta Prima"]
[Date "2022.05.08"]
[Round "9.14"]
[White "Mouhamad, Joachim"]
[Black "Kovacs, Klara"]
[Result "1-0"]
[ECO "C11"]
[WhiteElo "2290"]
[BlackElo "2108"]
[Annotator "TA"]
[PlyCount "101"]
[EventDate "2022.05.05"]
[EventType "swiss"]
[EventCountry "ESP"]
[SourceTitle "playchess.com"]
[Source "ChessBase"]
[SourceQuality "1"]
[TimeControl "40/5400+30:1800+30"]

1. e4 e6 2. d4 d5 3. Nc3 Nf6 4. e5 Nfd7 5. f4 c5 6. Nf3 Nc6 7. Be3 Be7 8. Qd2 O-O 9. dxc5 Qa5 {[%emt 0:00:05] C11: French: Classical System: 4 e5 and 4 Bg5 dxe4.} 10. a3 Nxc5 11. Nd4 {[%emt 0:07:44] Threatens to win with Nxc6.} Qc7 {[%emt 0:07:56] [#] The position is equal.} 12. h4 $146 ({Predecessor:} 12. Be2 f6 13. Ndb5 Qd8 14. exf6 Rxf6 15. O-O a6 16. Nd4 Qd6 17. Rad1 g6 18. Bg4 {1-0 (26) Kuybokarov,T (2523)-Clarke,B (2438) Sydney 2020}) 12... f6 (12... a6 $11 {was preferrable.}) 13. exf6 Bxf6 14. Nxc6 Qxc6 15. O-O-O (15. Bd4 {feels hotter.} Ne4 16. Nxe4 Bxd4 17. Qxd4 Rxf4 18. Bd3) 15... a6 16. Bd4 Bd7 17. g3 Kh8 18. h5 {[%emt 0:04:21] aiming for h6.} h6 19. Bg2 Rac8 20. Bxf6 Rxf6 21. Kb1 Na4 22. Nxa4 Qxa4 23. Rhe1 b5 24. c3 a5 25. Qc2 (25. Rc1 $16) 25... Qc4 ({Better is} 25... Qxc2+ $1 $11 26. Kxc2 b4 27. axb4 axb4) 26. Rd4 (26. Bf1 $14 Qc5 27. Qd2) 26... Qc7 (26... Qxd4 $1 $11 {remains equal.} 27. cxd4 Rxc2 28. Kxc2 g5) 27. Qd2 Rb8 28. Re5 Rff8 29. Bf1 Rfc8 {[%emt 0:02:38] White leaves nothing to chance now.} (29... Qb6 $14) 30. Bd3 $16 b4 31. cxb4 (31. axb4 axb4 32. Rxb4 Rxb4 33. cxb4 Qa7 $11) 31... axb4 32. Rxb4 Rxb4 (32... Qc5 $16 33. Ka2 Rxb4 34. Qxb4 Qxb4 35. axb4 Kg8) 33. Qxb4 $18 Rb8 34. Qd4 ({But not} 34. Qd2 $6 Qc5 $16) 34... Qa5 35. Ka2 $1 Qd2 {[%emt 0:01:40] ...Bb5 is the strong threat.} 36. Re2 $1 Qd1 37. Qe3 {[%emt 0:06:17] Black must now prevent Bc2. Active counter play!} Ba4 {[%emt 0:11:39][%csl Gb8,Gd1][%cal Ra4b3] Inhibits Bc2.} 38. Bb1 Bb3+ 39. Ka1 Bc4 (39... d4 {was worth a try.} 40. Qe4 Kg8) 40. Qe5 Ra8 41. Re1 {[%emt 0:07:05] The board is on fire.} Qb3 {[%emt 0:03:10][%cal Oa8a3] ( -> ...Rxa3+!)} 42. Re3 $40 {[%emt 0:01:25][%mdl 128] White wants a kill.} Qb5 (42... Qd1 $2 43. Qxe6 Bb5 44. Qg6 $18) (42... Qb6 43. f5 (43. Qxe6 Rxa3+ 44. Rxa3 Qxe6 $18) 43... d4) 43. Qxe6 Rb8 (43... d4 $142 44. Qg6 d3) 44. Qe5 (44. b3 $142 {Qf5 would kill now.} Qc5 45. Qe8+ $3 Qf8 46. Qxf8+ Rxf8 47. bxc4) 44... Rf8 (44... Kg8 $142 45. Qe6+ Kf8 46. Qd6+ Kg8) 45. Qd4 (45. Qd6 $142 Rb8 46. b3) 45... Qa4 (45... Qa6 $18 46. Qc3 d4 47. Qxd4 Bf7) 46. Re7 Rg8 47. Qf6 Bd3 {[%emt 0:01:15] [#]} 48. Bxd3 $1 Qd1+ {[%emt 0:00:14] White is clearly winning.} 49. Bb1 Qxb1+ 50. Kxb1 {[%emt 0:00:02] Intending Qg6 and mate.} gxf6 51. a4 {[%emt 0:00:38] Weighted Error Value: White=0.37/Black=0.49} 1-0

[Event "1st Chessable Sunway Formentera 2022"]
[Site "Formentera Punta Prima"]
[Date "2022.05.08"]
[Round "9.15"]
[White "Grutter, Tim"]
[Black "Buiza Prieto, Eihartze"]
[Result "1-0"]
[ECO "C42"]
[WhiteElo "2241"]
[BlackElo "2044"]
[Annotator "TA"]
[PlyCount "93"]
[EventDate "2022.05.05"]
[EventType "swiss"]
[EventCountry "ESP"]
[SourceTitle "playchess.com"]
[Source "ChessBase"]
[SourceQuality "1"]
[TimeControl "40/5400+30:1800+30"]

1. e4 e5 2. Nf3 Nf6 3. Nxe5 d6 4. Nf3 Nxe4 5. Bd3 Nc5 6. Be2 d5 7. d4 Ne4 8. O-O Bd6 9. c4 {[%emt 0:01:39] C42: Petroff Defence: 3 Nxe5 and unusual White 3rd moves.} c6 10. Nc3 O-O 11. Qb3 {[%emt 0:04:09] [#] White is slightly better.} Bc7 $146 ({Predecessor:} 11... dxc4 12. Bxc4 Nxc3 13. bxc3 Qc7 14. Re1 Bf5 15. h3 b5 16. Bf1 Nd7 17. a4 a6 {1-0 (52) Shomoev,A (2563)-Gaydym,M (2337) Barnaul 2021}) 12. h3 b6 13. cxd5 Nxc3 14. bxc3 cxd5 15. Ne5 f6 {[%emt 0:08:51] [#]} 16. Bf3 $1 Be6 17. Nd3 Nc6 18. Bf4 Na5 19. Qd1 Rc8 20. Bg4 Qd7 21. Bxe6+ Qxe6 22. Re1 Qf5 {[%emt 0:00:39] [#]} 23. g4 $1 Qd7 {[%emt 0:01:21] [#]} 24. Qf3 Nc4 25. Re2 Bxf4 26. Nxf4 Rfe8 27. Rxe8+ Rxe8 28. Qxd5+ Qxd5 29. Nxd5 $16 {[%emt 0:00:02][%mdl 4096] Endgame KRN-KRN} Kf7 30. a4 Re6 31. Kg2 Re2 32. Kf3 Rc2 (32... Rd2 $16) 33. Re1 $18 {[%emt 0:00:51] Re7+ is the strong threat.} Kf8 34. Re6 Ra2 35. Rc6 Rxa4 36. Rc7 Nd6 37. Rd7 Ne8 38. Ke4 b5 {[%emt 0:00:24] [#]} 39. Kf5 (39. Nf4 $1 $18) 39... Ra6 40. Nc7 {[%emt 0:00:00] White is more active.} Rd6 {[%emt 0:00:00][%mdl 8192] Black cannot hold the game after this.} (40... Nxc7 $16 {is more resistant.} 41. Rxc7 Ra2) 41. Ne6+ Kg8 42. Re7 g6+ 43. Ke4 Rb6 44. Rxe8+ Kf7 45. Nc7 {[%emt 0:00:32] White is clearly winning.} Rc6 46. Rc8 Rxc3 {[%emt 0:00:09] [#]} 47. Nxb5 $1 {[%emt 0:00:13] Weighted Error Value: White=0.08 (flawless) /Black=0.36} 1-0

[Event "1st Chessable Sunway Formentera 2022"]
[Site "Formentera Punta Prima"]
[Date "2022.05.08"]
[Round "9.16"]
[White "Perkampus, Laurin"]
[Black "Lever, Erwan"]
[Result "0-1"]
[ECO "E35"]
[WhiteElo "2061"]
[BlackElo "2209"]
[Annotator "TA"]
[PlyCount "106"]
[EventDate "2022.05.05"]
[EventType "swiss"]
[EventCountry "ESP"]
[SourceTitle "playchess.com"]
[Source "ChessBase"]
[SourceQuality "1"]
[TimeControl "40/5400+30:1800+30"]

1. d4 Nf6 2. c4 e6 3. Nc3 Bb4 4. Qc2 d5 5. cxd5 exd5 6. Bg5 h6 7. Bxf6 Qxf6 8. a3 Bxc3+ 9. Qxc3 c6 10. e3 Bf5 11. Nf3 Nd7 12. Be2 O-O 13. O-O Rfe8 {[%emt 0:04:19] 13...Bg4 is the fancy move. E35: Nimzo-Indian: Classical: 4...d5 5 cxd5 exd5.} 14. Rfc1 Re6 15. b4 a6 {[%emt 0:00:09] White is slightly better.} 16. a4 {[%emt 0:02:24][%cal Ba3a4,Ba4b5][%mdl 32] [#]} Qd8 $146 ({Predecessor:} 16... g5 17. b5 g4 18. Nd2 c5 19. dxc5 Qxc3 20. Rxc3 d4 21. Rcc1 d3 22. Bd1 axb5 {1-0 (43) Karpov,A (2780)-Polgar,J (2630) Monte Carlo 1995}) 17. b5 axb5 18. axb5 Rxa1 19. Qxa1 Qb8 20. Nh4 Be4 21. Bg4 Rd6 22. bxc6 bxc6 23. Nf5 Bxf5 24. Bxf5 Nf6 25. Rb1 Qe8 26. Qa7 g6 27. Bd3 Rd8 28. g3 h5 29. Qc7 Ra8 {[%emt 0:13:53] Inhibits Ba6.} 30. Rc1 Ra3 (30... Rc8 $14 31. Qb7 Kg7) 31. Qxc6 $16 Rxd3 32. Qxf6 (32. Qa6 $16) 32... Rxe3 $11 33. fxe3 $2 ({White should try} 33. Kg2 $11 Qe4+ 34. Kh3 Qg4+ 35. Kg2 Qe4+ 36. Kh3 Qg4+ 37. Kg2 Qe4+) 33... Qxe3+ $17 34. Kg2 {[%emt 0:00:04] [#] White wants to mate with Rc8+.} Qd2+ $1 35. Kh3 {[%emt 0:00:23] Rc8+ would kill now.} Qxc1 {[%emt 0:00:04][%mdl 4096] Endgame KQ-KQ} 36. Qd8+ $2 {[%emt 0:00:05][%mdl 8192] This move loses the game for White.} (36. Kh4 $17) 36... Kg7 $19 {[%emt 0:01:04] ( -> ...Qf1+)} 37. Qxd5 Qf1+ 38. Qg2 Qf5+ 39. g4 Qd3+ 40. Qg3 hxg4+ 41. Kh4 Qxd4 (41... Qxg3+ $142 42. Kxg3 f5 43. Kf4 Kf6 44. Ke3 Ke6 45. Kd3 Kd5 46. Ke3 g5 47. Kf2 Kxd4 48. Kg2 f4 49. Kf2 Kd3 50. Kg2 Ke2 51. h3 g3 52. h4 gxh4 53. Kh3 f3 54. Kg4 g2 55. Kf4 f2 56. Kf5 f1=Q+ 57. Ke4 g1=Q 58. Kd5 Qf5+ 59. Kc6 Qgc5+ 60. Kb7 Qfc8#) 42. Qxg4 Qxg4+ {[%emt 0:00:20] Black mates.} 43. Kxg4 {[%emt 0:00:01] KPP-KP} Kh6 44. Kh4 g5+ 45. Kg4 Kg6 46. Kg3 Kf5 47. Kf3 Ke5 48. Kg4 f6 49. h4 gxh4 50. Kxh4 Kf4 51. Kh3 f5 52. Kg2 {[%emt 0:00:51] [#]} Ke3 $1 53. Kg1 Ke2 {[%emt 0:00:06] Weighted Error Value: White=0.46/Black=0.18 (very precise)} 0-1

[Event "1st Chessable Sunway Formentera 2022"]
[Site "Formentera Punta Prima"]
[Date "2022.05.08"]
[Round "9.17"]
[White "Alsaqer, Meshal"]
[Black "Roig Roig, Marc"]
[Result "1/2-1/2"]
[ECO "A46"]
[WhiteElo "1744"]
[BlackElo "1895"]
[Annotator "NA COMBH"]
[PlyCount "66"]
[EventDate "2022.05.05"]
[EventType "swiss"]
[EventCountry "ESP"]
[SourceTitle "playchess.com"]
[Source "ChessBase"]
[SourceQuality "1"]
[TimeControl "40/5400+30:1800+30"]

1. d4 e6 2. Nf3 Nf6 3. Bg5 Be7 4. e3 b6 5. Be2 Bb7 6. Nbd2 O-O 7. O-O Ne4 8. Nxe4 Bxe4 9. Bxe7 Qxe7 10. c3 f5 11. a4 a5 12. Rc1 d6 13. Nd2 Bc6 14. Bf3 Qd7 15. Bxc6 Qxc6 16. Qf3 Qxf3 17. Nxf3 Nc6 18. Rfd1 Rfe8 19. d5 exd5 20. Rxd5 g6 21. g3 Re4 22. b3 Ne7 23. Rd3 Nc6 24. Kg2 Ne5 25. Rd4 Nxf3 26. Kxf3 Rae8 27. Rcd1 R8e5 28. h3 b5 29. g4 bxa4 30. bxa4 Rc5 31. gxf5 Rxd4 32. cxd4 Rxf5+ 33. Kg3 Rg5+ 1/2-1/2

[Event "1st Chessable Sunway Formentera 2022"]
[Site "Formentera Punta Prima"]
[Date "2022.05.08"]
[Round "10.1"]
[White "Gukesh D"]
[Black "Martirosyan, Haik M."]
[Result "1/2-1/2"]
[ECO "D36"]
[WhiteElo "2659"]
[BlackElo "2652"]
[Annotator "TA"]
[PlyCount "49"]
[EventDate "2022.05.05"]
[EventType "swiss"]
[EventCountry "ESP"]
[SourceTitle "playchess.com"]
[Source "ChessBase"]
[SourceQuality "1"]
[TimeControl "40/5400+30:1800+30"]

1. d4 Nf6 2. c4 e6 3. Nf3 d5 4. Nc3 Nbd7 5. cxd5 exd5 6. Bg5 c6 7. Qc2 Be7 8. e3 h6 9. Bh4 O-O 10. Bd3 Re8 11. O-O Ne4 12. Bxe4 ({Don't go for} 12. Nxe4 $2 dxe4 13. Bxe4 (13. Bxe7 $2 Qxe7 14. Bxe4 Qxe4 $19) 13... Bxh4 $19) 12... Bxh4 {[%emt 0:00:09] D36: Queen's Gambit Declined: Exchange Variation: Main line (5 Bg5 c6 6 Qc2).} 13. Bh7+ Kf8 14. Nxh4 Qxh4 {[%emt 0:00:08] White is slightly better.} 15. Bd3 Qe7 {[%emt 0:01:21] [#]} 16. Rfe1 $146 ({Predecessor:} 16. a3 Nb6 17. Ne2 Bg4 18. Nf4 Nc8 19. Rfe1 g5 20. Ne2 Bxe2 21. Rxe2 Qd8 22. f3 {½-½ (52) Boreika,V (2211)-Viskontas,J (2185) ICCF email 2020}) 16... Nf6 17. f3 Be6 {[%emt 0:02:03] The position is equal.} 18. Rad1 b6 19. Qf2 c5 20. Bb1 Rad8 21. Ne2 Bc8 22. Nf4 Bb7 23. h4 Kg8 24. g4 g6 25. h5 {[%emt 0:05:02] Weighted Error Value: White=0.03 (flawless) /Black=0.01 (flawless)} 1/2-1/2

[Event "1st Chessable Sunway Formentera 2022"]
[Site "Formentera Punta Prima"]
[Date "2022.05.08"]
[Round "10.2"]
[White "Santos Latasa, Jaime"]
[Black "Sargsyan, Shant"]
[Result "1/2-1/2"]
[ECO "C89"]
[WhiteElo "2672"]
[BlackElo "2641"]
[Annotator "TA"]
[PlyCount "57"]
[EventDate "2022.05.05"]
[EventType "swiss"]
[EventCountry "ESP"]
[SourceTitle "playchess.com"]
[Source "ChessBase"]
[SourceQuality "1"]
[TimeControl "40/5400+30:1800+30"]

1. e4 e5 2. Nf3 Nc6 3. Bb5 a6 4. Ba4 Nf6 5. O-O Be7 6. Re1 b5 7. Bb3 O-O 8. c3 Na5 9. Bc2 {[%emt 0:01:20] C89: Closed Ruy Lopez: Marshall Attack.} d5 10. d4 dxe4 11. Nxe5 c5 $1 {[%emt 0:00:31] [#] Against b4} 12. Nd2 $146 ({Predecessor:} 12. Be3 Bb7 13. Nd2 Rc8 14. h3 Re8 15. Ng4 Nd5 16. Bxe4 Nxe3 17. Nxe3 cxd4 18. cxd4 Bxe4 19. Nxe4 {0-1 (51) Tari,A (2642)-Carlsen,M (2855) Stavanger 2021}) 12... cxd4 {[%emt 0:05:37] [#] Strongly threatening ...d3.} 13. Nxe4 {[%emt 0:00:24] And now Qd3 would win.} dxc3 14. Nxc3 (14. Qe2 {seems wilder.} Bb7 15. Nxc3 b4 16. Na4) 14... Qxd1 15. Bxd1 Be6 16. Bf3 Rac8 17. Bg5 Rfe8 18. a3 h6 19. Bf4 Bf8 20. Nd3 (20. h3 $11) 20... Bf5 ({Black should try} 20... Nc4 $15 21. Be5 Bf5 22. Bxf6 Bxd3 23. Rxe8 Rxe8) 21. Nb4 $11 {[%emt 0:05:13] The position is equal.} Nb3 22. Rxe8 Rxe8 23. Rf1 Bxb4 24. axb4 Bd3 25. Rd1 Bc2 26. Rf1 Bd3 27. Rd1 Bc2 28. Rf1 Bd3 29. Rd1 {[%emt 0:00:05] Weighted Error Value: White=0.07 (flawless) /Black=0.04 (flawless)} 1/2-1/2

[Event "1st Chessable Sunway Formentera 2022"]
[Site "Formentera Punta Prima"]
[Date "2022.05.08"]
[Round "10.3"]
[White "Soham Das"]
[Black "Santos Ruiz, Miguel"]
[Result "1-0"]
[ECO "B22"]
[WhiteElo "2266"]
[BlackElo "2586"]
[Annotator "TA"]
[PlyCount "61"]
[EventDate "2022.05.05"]
[EventType "swiss"]
[EventCountry "ESP"]
[SourceTitle "playchess.com"]
[Source "ChessBase"]
[SourceQuality "1"]
[TimeControl "40/5400+30:1800+30"]

1. e4 c5 2. c3 Nf6 3. e5 Nd5 4. Nf3 e6 5. d4 cxd4 6. cxd4 d6 7. Bc4 Be7 8. O-O {[%emt 0:01:35] B22: Sicilian: 2 c3.} O-O 9. Qe2 b6 10. Rd1 {[%emt 0:19:49] The position is equal.} Bb7 11. Bxd5 exd5 12. Nc3 Na6 13. Nb5 Nc7 14. Nxc7 Qxc7 {[%emt 0:02:02] [#]} 15. Bf4 $146 ({Predecessor:} 15. Bg5 Bxg5 16. Nxg5 dxe5 17. dxe5 Rae8 18. Qd3 g6 19. Qh3 h5 20. e6 f6 21. Nf3 {1-0 (39) Giri,A (2773)-Erigaisi,A (2675) Chess.com INT 2022}) 15... Qd7 16. Rac1 Rac8 17. h3 dxe5 18. dxe5 Qa4 19. Nd4 {[%emt 0:02:15][%cal Od4f5] Black must now prevent Nf5!} Rxc1 (19... Qxa2 $2 20. Nf5 Bd8 21. Qg4 $18) 20. Bxc1 Ba6 (20... Qxa2 $2 21. Nf5 Bd8 22. Qg4 $18) (20... Bc5 $11 {remains equal.}) 21. Qg4 $16 {[%emt 0:01:25] Strongly threatening Bh6.} Rd8 22. b3 ({Resist} 22. Nf5 $6 Qxg4 23. Nxe7+ Kf8 24. hxg4 Kxe7 $14) 22... Qe8 23. Nf5 Bf8 24. Bg5 $40 {[%emt 0:00:41][%mdl 128] Black is in trouble.} Ra8 25. Bf6 {[%emt 0:00:56][%cal Rf6g7] White is much more active.} g6 {[%emt 0:10:03] Threatens to win with ...Bc8.} 26. Qg5 h5 $2 {[%emt 0:00:05][%mdl 8192] A mistake that costs the game.} (26... Bc8 $16 {is more resistant.}) 27. Rd4 (27. g4 $142 Kh7 {[#]} 28. gxh5 $1 gxf5 29. Qxf5+ Kh6 30. Bg5+ Kg7 31. h6+ Kg8 32. h7+ Kh8 33. Bf6+ Bg7 34. Bxg7+ Kxg7 35. Qf6+ Kxh7 36. Rd4 Qg8+ 37. Rg4 Qxg4+ 38. hxg4) 27... Qe6 $18 {[%emt 0:01:51] [#]} 28. Rh4 $1 {[%emt 0:02:57][%cal Bd4h4,Bh4h5,Bh5h8][%mdl 32] Rxh5! would kill now.} Qxf5 29. Rxh5 {[%emt 0:00:43][%csl Gf6][%cal Rh5h8] Chess con chili.} Qb1+ $2 (29... Bg7 $18 30. Qxf5 gxf5) 30. Kh2 Bg7 {[%emt 0:00:02] [#]} 31. Rh8+ $3 {[%emt 0:01:59][%mdl 512] Weighted Error Value: White=0.11 (very precise) /Black=0.42} 1-0

[Event "1st Chessable Sunway Formentera 2022"]
[Site "Formentera Punta Prima"]
[Date "2022.05.08"]
[Round "10.4"]
[White "Cuenca Jimenez, Jose Fernando"]
[Black "Song, Julien"]
[Result "1/2-1/2"]
[ECO "D50"]
[WhiteElo "2551"]
[BlackElo "2388"]
[Annotator "TA"]
[PlyCount "71"]
[EventDate "2022.05.05"]
[EventType "swiss"]
[EventCountry "ESP"]
[SourceTitle "playchess.com"]
[Source "ChessBase"]
[SourceQuality "1"]
[TimeControl "40/5400+30:1800+30"]

1. d4 d5 2. c4 e6 3. Nf3 Nf6 4. Nc3 c5 5. cxd5 cxd4 6. Qxd4 exd5 7. Bg5 Be7 8. e3 {[%emt 0:00:38] The position is equal.} O-O {[%emt 0:00:50] D50: Queen's Gambit Declined: Dutch-Peruvian Gambit.} 9. Qa4 h6 10. Bh4 Qb6 11. Qb5 Be6 12. Be2 Nc6 13. O-O Qxb5 14. Nxb5 g5 15. Bg3 Ne4 16. Nfd4 Nxd4 17. Nxd4 Nxg3 18. hxg3 Bf6 19. Rfc1 Rfc8 {[%emt 0:03:29] Against Rc7} 20. Bd3 Rxc1+ 21. Rxc1 Rc8 22. Rd1 {[%emt 0:00:41] [#]} Kg7 $146 ({Predecessor:} 22... Bxd4 23. exd4 Kf8 24. f3 Ke7 25. Kf2 h5 26. Rh1 Rh8 27. Ke3 Kf6 {½-½ (95) Radjabov,T (2765)-So,W (2770) chess24.com INT 2020}) 23. Kf1 Bxd4 24. exd4 $11 {[%emt 0:00:10][%mdl 4096] Endgame KRB-KRB} Bg4 25. f3 Bh5 26. Ke2 Bg6 27. Bxg6 Kxg6 {[%emt 0:00:07] KR-KR} 28. Kd3 f6 29. Re1 Kf7 30. g4 Rc6 31. Re2 Rc1 32. Rc2 Rxc2 33. Kxc2 Ke6 34. Kb3 b6 35. Kb4 {[%emt 0:02:38] [#] aiming for Kb5.} a6 36. a4 {[%emt 0:01:13] A balanced but interesting game.  Weighted Error Value: White=0.01 (flawless) /Black=0.01 (flawless)} 1/2-1/2

[Event "1st Chessable Sunway Formentera 2022"]
[Site "Formentera Punta Prima"]
[Date "2022.05.08"]
[Round "10.6"]
[White "Narciso Dublan, Marc"]
[Black "Romanishin, Oleg M"]
[Result "0-1"]
[WhiteElo "2464"]
[BlackElo "2400"]
[Annotator "TA"]
[PlyCount "23"]
[EventDate "2022.05.05"]
[EventType "swiss"]
[EventCountry "ESP"]
[SourceTitle "playchess.com"]
[Source "ChessBase"]
[SourceQuality "1"]
[TimeControl "40/5400+30:1800+30"]

1. d4 Nf6 2. Bg5 d5 3. e3 Nbd7 4. Nf3 c6 5. Nbd2 {[%emt 0:06:37] [#] A rather calm draw.} {Predecessor:} g6 $146 6. Be2 {D03: 1 d4 d5 2 Nf3 Nf6 3 Bg5, including Torre Attack with early ...d5.} Bg7 7. O-O O-O 8. c4 e6 9. b4 a5 10. b5 cxb5 11. cxd5 exd5 12. Bxb5 {1-0 (64) Piorun,K (2611)-Murzin,V (2442) Moscow 2019} 0-1

[Event "1st Chessable Sunway Formentera 2022"]
[Site "Formentera Punta Prima"]
[Date "2022.05.08"]
[Round "10.7"]
[White "Yankelevich, Lev"]
[Black "Eugene, Floryan"]
[Result "1/2-1/2"]
[ECO "D31"]
[WhiteElo "2473"]
[BlackElo "2370"]
[Annotator "TA"]
[PlyCount "99"]
[EventDate "2022.05.05"]
[EventType "swiss"]
[EventCountry "ESP"]
[SourceTitle "playchess.com"]
[Source "ChessBase"]
[SourceQuality "1"]
[TimeControl "40/5400+30:1800+30"]

1. d4 d5 2. c4 e6 3. Nc3 a6 4. cxd5 exd5 5. Bf4 Nf6 6. e3 {[%emt 0:00:05] D31: Queen's Gambit Declined: Semi-Slav without ...Nf6 (+ Marshall Gambit and Noteboom) and Exchange Variation lines without ...Nf6.} c5 7. Bg5 Be6 {[%emt 0:12:33] [#]} 8. Nge2 $146 ({Predecessor:} 8. Nf3 Nc6 9. a4 Be7 10. Be2 O-O 11. O-O Qb6 12. Qd2 cxd4 13. Nxd4 Nxd4 14. exd4 {1-0 (31) Fistoul,B (1864)-Walker,A (1783) Germany 2016}) 8... Nc6 9. g3 h6 10. Bxf6 Qxf6 11. Bg2 {[%emt 0:01:58] Against Qf3} cxd4 12. exd4 Bb4 (12... O-O-O $11) 13. O-O $14 Rd8 14. Nf4 Qxd4 15. Qxd4 (15. Ncxd5 $5 Qxd1 16. Rfxd1 $14) 15... Nxd4 16. Ncxd5 Ne2+ 17. Kh1 Nxf4 18. Nxf4 Bc8 19. a3 Bd2 20. Nd5 Bh3 21. Bxh3 Rxd5 22. Bg2 Rb5 23. b4 {[%emt 0:01:37] [#] Black must now prevent Rad1.} O-O 24. Ra2 Bg5 25. h4 Bf6 26. Rd1 Re8 27. Rd7 Re7 28. Rxe7 Bxe7 $11 {[%emt 0:00:04][%mdl 4096] Endgame KRB-KRB} 29. Rd2 a5 30. Rd7 Kf8 31. Bf1 Rb6 32. bxa5 Rb1 33. Kg2 Bxa3 ({But not} 33... Ke8 34. Rd5 $16) 34. Bc4 Be7 $1 35. Rc7 {[%emt 0:00:38] [#] aiming for Rc8+.} g5 36. Rc8+ Kg7 37. Rb8 Bd6 38. Rd8 Be7 39. Rd7 Kf8 40. h5 Rb4 41. Bd3 Ra4 42. Rd5 Bf6 43. Bc2 Ra3 44. Be4 Be7 45. Kh3 Bb4 46. Rd8+ Kg7 47. Rd7 Rxa5 48. Rxb7 (48. Bg6 $1 $14) 48... Bc5 49. Bg6 Ra7 50. Rxa7 {[%emt 0:00:04] Weighted Error Value: White=0.06 (flawless) /Black=0.04 (flawless)} 1/2-1/2

[Event "1st Chessable Sunway Formentera 2022"]
[Site "Formentera Punta Prima"]
[Date "2022.05.08"]
[Round "10.8"]
[White "Neiman, Emmanuel"]
[Black "Batsiashvili, Nino"]
[Result "0-1"]
[ECO "D90"]
[WhiteElo "2248"]
[BlackElo "2463"]
[Annotator "TA"]
[PlyCount "62"]
[EventDate "2022.05.05"]
[EventType "swiss"]
[EventCountry "ESP"]
[SourceTitle "playchess.com"]
[Source "ChessBase"]
[SourceQuality "1"]
[TimeControl "40/5400+30:1800+30"]

1. d4 Nf6 2. Nf3 d5 3. e3 g6 4. c4 Bg7 5. cxd5 O-O 6. Be2 Nxd5 7. e4 Nb6 8. Nc3 Bg4 9. Be3 Nc6 10. d5 Bxf3 11. gxf3 Ne5 12. Bd4 {[%emt 0:05:54] D90: Grünfeld: 4 Nf3 Bg7 sidelines.} (12. Qb3 $1 $14) 12... c5 $15 13. Bxc5 Nbc4 {[%emt 0:00:23] [#]} (13... Nec4 $1 $15 14. Qb3 Nxb2) 14. Rb1 $146 {[%emt 0:19:32] Bd4 is the strong threat. The position is equal.} ({Predecessor:} 14. Qb3 Nxb2 15. Rc1 Rc8 16. Bb6 Qxb6 17. Qxb6 axb6 18. Kd2 Bh6+ 19. Kc2 Bxc1 20. Rxc1 {0-1 (37) Hidalgo Duque,C (1857)-Robles Garcia,C (1882) Toledo 2003}) 14... Qc8 15. Bd4 {[%emt 0:01:02] Threatens to win with f4.} Qh3 16. f4 Nf3+ 17. Bxf3 Bxd4 18. Ke2 {[%emt 0:48:06] [#]} (18. Qxd4 $11 Qxf3 19. Rg1) 18... Bg7 {[%emt 0:04:32] 0x0.002c8c3e8267dp-1022s more active pieces.} ({Black should try} 18... e5 $1 $17 {Strongly threatening ...f5.} 19. Nb5 f5) 19. b3 $2 Nd6 $2 (19... Na3 $19 20. Rc1 Bxc3 21. Rxc3 Rac8) 20. Qd3 ({White should play} 20. e5 $1 $15) 20... Bxc3 21. Qxc3 Nxe4 $1 22. Qe5 {[%emt 0:00:00] [#]} (22. Qe3 $17 Nd6 23. Be4 Qg4+ 24. Bf3) 22... Nd2 $1 $19 {[%emt 0:01:30][%mdl 512] The board is on fire.} 23. Kxd2 {[%emt 0:00:00] aiming for Ke2.} (23. Bg4 Qxg4+) 23... Qxf3 24. Qe3 Qxd5+ 25. Ke2 Rac8 {[%emt 0:01:43] ( -> ...Rc2+)} 26. Rbc1 {[%emt 0:00:00] Prevents Rc2+.} Rfd8 {[%emt 0:02:10] And now ...Qb5+ would win.} 27. h4 $2 (27. Rxc8 Rxc8 28. Rc1) 27... Qh5+ $2 (27... Qb5+ 28. Ke1 Rxc1+ 29. Qxc1 Qd3) 28. f3 Rxc1 ({Don't go for} 28... Qa5 $2 29. a4 $19) 29. Qxc1 Qa5 30. Qc2 Qb4 31. f5 (31. Qc1 $142) 31... Qb5+ {[%emt 0:00:16] Weighted Error Value: White=0.69/Black=0.54} 0-1